 Dungeon Crawl Stone Soup version 0.31.0-9-g3a7656b989 (webtiles) character file.

Game seed: 3988912188163514134

2543 qw the Nimble (level 9, -20/44 HPs)
             Began as a Spriggan Hunter on Feb 2, 2024.
             Demolished by a very large slime creature (52 damage)
             ... on level 7 of the Dungeon.
             The game lasted 00:00:25 (5618 turns).

qw the Nimble (Spriggan Hunter)                     Turns: 5618, Time: 00:00:25

Health: -20/44     AC:  7    Str:  7    XL:     9   Next: 30%
Magic:  10/10      EV: 27    Int: 14    God:
Gold:   151        SH:  0    Dex: 23    Spells: 8/8 levels left

rFire   . . .        g - +1 arbalest (freeze)
rCold   . . .        (shield currently unavailable)
rNeg    . . .        r - +2 steam dragon scales
rPois   .            (helmet restricted)
rElec   .            e - scarf "Qulutrotai" {repulsion, Int+4}
rCorr   +            (gloves unavailable)
SInv    +            (boots unavailable)
Will    +....        h - amulet of regeneration
Stlth   ++           a - ring of resist corrosion
HPRegen 1.07/turn    (no ring)
MPRegen 0.12/turn

%: repel missiles
@: hasted, very quick
A: very small, no large weapons, unfitting armour, see invisible, speed 3
a: no special abilities


You were on level 7 of the Dungeon.
You visited 2 branches of the dungeon, and saw 8 of its levels.
You also visited: Sewer.

You collected 322 gold pieces.
You spent 171 gold pieces at shops.


Innate Abilities, Weirdness & Mutations

You are very small and have problems with some larger weapons.
You are too small for most types of armour.
You have supernaturally acute eyesight. (SInv)
You cover ground extremely quickly. (Speed+++)


   Skills:
 + Level 3.2 Fighting
 - Level 10.0 Ranged Weapons
 - Level 1.7 Armour
 - Level 10.2 Dodging
 - Level 1.5 Stealth


You had 8 spell levels left.
You didn't know any spells.
Your spell library was empty.

Inventory:

Hand Weapons
 g - a +1 arbalest of freezing (weapon)
Armour
 e - the scarf "Qulutrotai" (worn) {repulsion, Int+4}
   (You acquired it in a sewer)

   Int+4:     It affects your intelligence (+4).
 f - a +0 cloak of preservation
 r - +2 steam dragon scales (worn)
Jewellery
 a - a ring of resist corrosion (left hand)
 b - a +6 ring of dexterity
 h - an amulet of regeneration (around neck)
Wands
 j - a wand of polymorph (7)
 o - a wand of mindburst (14)
Scrolls
 k - a scroll of teleportation
Potions
 c - a potion of mutation
 d - a potion of resistance {unknown}
 i - a potion of curing
 n - a potion of berserk rage {unknown}
 p - a potion of might {unknown}

Dungeon Overview and Level Annotations

Branches:
Dungeon (7/15)             Temple (1/1) D:6           Sewer (visited)

Altars:
Ashenzari
Cheibriados
Elyvilon
Gozag
Kikubaaqudgha
Makhleb
Nemelex Xobeh
Ru
Sif Muna
Trog
Uskayaw
Vehumet
Wu Jian
Xom
Yredelemnul
Zin
The Shining One

Shops:
D:4 *   D:6 *


Message History

The bolt barely misses the very large slime creature.
The bolt hits the kobold brigand!!
The bolt freezes the kobold brigand.
The kobold brigand is almost dead.
The very large slime creature completely misses you.
You shoot a bolt.
The bolt barely misses the very large slime creature.
The bolt hits the kobold brigand!
The bolt freezes the kobold brigand.
You kill the kobold brigand!
The very large slime creature hits you.
You shoot a bolt.
The bolt hits the very large slime creature but does no damage.
The very large slime creature is moderately wounded.
The very large slime creature completely misses you.
You shoot a bolt.
The bolt hits the very large slime creature!!
The bolt freezes the very large slime creature!
The very large slime creature is heavily wounded.
The very large slime creature completely misses you.
You shoot a bolt.
The bolt barely misses the very large slime creature.
The bolt hits the kobold!!
The bolt freezes the kobold.
You kill the kobold!
The very large slime creature completely misses you.
You shoot a bolt.
The bolt hits the very large slime creature!!
The bolt freezes the very large slime creature.
The very large slime creature is heavily wounded.
The very large slime creature closely misses you.
You shoot a bolt.
The bolt hits the very large slime creature.
The bolt freezes the very large slime creature.
The very large slime creature is severely wounded.
The very large slime creature completely misses you.
You shoot a bolt.
The bolt hits the very large slime creature.
The bolt freezes the very large slime creature.
The very large slime creature is severely wounded.
The very large slime creature hits you!!!
Ouch! That really hurt!
You die...

#.
#.#.....).#...#......
..............#....##
## .##....##.##.......
.##..#...##.##.##....##
#. #....#.
###....##....# ##
......##......##......
..
#..#...###........#####
...##...##.....#####..
# ...)...KJ@.###.# #
........#### #.#
....###.. ... .J. ####
.... . ... ....


You could see a very large slime creature and a kobold.

Vanquished Creatures
  Maggie (D:6)
  Sigmund (D:4)
  A slime creature (D:7)
  Eustachio (D:5)
  A steam dragon (D:7)
  Edmund (D:4)
  A water moccasin (D:7)
  An ice beast (D:5)
  2 ogres
  A kobold brigand (D:7)
  2 brain worms (Sewer)
  A scorpion (D:6)
  3 wights (D:6)
  2 hounds
  A jelly (D:6)
  An orc priest (D:5)
  2 sleepcaps
  4 iguanas
  4 orc wizards (D:5)
  Ijyb (D:4)
  9 gnolls
  12 adders
  4 river rats
  A shadow imp (D:6)
  2 white imps (D:6)
  2 ufetubi (D:6)
  14 orcs
  6 bats
  10 endoplasms
  6 giant cockroaches
  9 goblins
  11 hobgoblins
  4 jackals (D:2)
  2 quokkas
  14 ball pythons
  3 frilled lizards
  10 kobolds
  8 rats
159 creatures vanquished.

Notes
Turn   | Place    | Note
-------+----------+-------------------------------------------
     0 | D:1      | qw the Spriggan Hunter began the quest for the Orb.
     0 | D:1      | Reached XP level 1. HP: 10/10 MP: 2/2
     0 | D:1      | 0 ||| qw: Version: 0.3-a-155-g5e7d8dd
     0 | D:1      | 0 ||| qw: Game counter: 2530
     0 | D:1      | 0 ||| qw: Melee chars always use a shield: true
     0 | D:1      | 0 ||| qw: God list: Okawaru
     0 | D:1      | 0 ||| qw: Allow faded altars: false
     0 | D:1      | 0 ||| qw: Do Orc after clearing Dungeon:15 true
     0 | D:1      | 0 ||| qw: Do second Lair branch before Depths: true
     0 | D:1      | 0 ||| qw: Lair rune preference: random
     0 | D:1      | 0 ||| qw: Goals: Normal
     0 | D:1      | 0 ||| PLANNING D:1-11
    44 | D:1      | Reached skill level 3 in Dodging
   150 | D:1      | Reached XP level 2. HP: 14/14 MP: 3/3
   169 | D:1      | HP: 3/14 [frozen (4)]
   582 | D:1      | 582 ||| READING 2 scrolls labelled MUUREG GEWU.
   582 | D:1      | 582 ||| IDENTIFYING fizzy brown potion
   583 | D:1      | 583 ||| READING scroll of identify.
   583 | D:1      | 583 ||| IDENTIFYING scroll labelled ESTEOG REGHANT
   584 | D:1      | 584 ||| READING scroll labelled LAAXIH KAELOF.
   685 | D:1      | 685 ||| DROPPING scroll of butterflies.
   686 | D:1      | 686 ||| DROPPING scroll of silence.
   687 | D:1      | 687 ||| DROPPING potion of brilliance.
   708 | D:2      | Reached XP level 3. HP: 14/18 MP: 4/4
   814 | D:2      | 814 ||| FLEEEEING.
   821 | D:2      | HP: 4/18 [adder (2)]
   823 | D:2      | HP: 1/18 [adder (2)]
   843 | D:2      | 843 ||| FLEEEEING.
   844 | D:2      | 844 ||| FLEEEEING.
   846 | D:2      | 846 ||| FLEEEEING.
   847 | D:2      | 847 ||| FLEEEEING.
   848 | D:2      | 848 ||| FLEEEEING.
   849 | D:2      | 849 ||| FLEEEEING.
   853 | D:2      | 853 ||| FLEEEEING.
   854 | D:2      | 854 ||| FLEEEEING.
   855 | D:2      | 855 ||| FLEEEEING.
   856 | D:2      | 856 ||| FLEEEEING.
   857 | D:2      | 857 ||| FLEEEEING.
   860 | D:2      | 860 ||| FLEEEEING.
   861 | D:2      | 861 ||| FLEEEEING.
   862 | D:2      | 862 ||| FLEEEEING.
   863 | D:2      | 863 ||| FLEEEEING.
   864 | D:2      | 864 ||| FLEEEEING.
   865 | D:2      | 865 ||| FLEEEEING.
   868 | D:2      | 868 ||| FLEEEEING.
   869 | D:2      | 869 ||| FLEEEEING.
   870 | D:2      | 870 ||| FLEEEEING.
   873 | D:2      | 873 ||| FLEEEEING.
   874 | D:2      | 874 ||| FLEEEEING.
   875 | D:2      | 875 ||| FLEEEEING.
   876 | D:2      | 876 ||| FLEEEEING.
   877 | D:2      | 877 ||| FLEEEEING.
   878 | D:2      | 878 ||| FLEEEEING.
   879 | D:2      | 879 ||| FLEEEEING.
   880 | D:2      | 880 ||| FLEEEEING.
   881 | D:2      | 881 ||| FLEEEEING.
   882 | D:2      | 882 ||| FLEEEEING.
   883 | D:2      | 883 ||| FLEEEEING.
   884 | D:2      | 884 ||| STAIRDANCE
  1220 | D:2      | Reached XP level 4. HP: 21/22 MP: 5/5
  1269 | D:2      | Noticed an ogre
  1278 | D:2      | Killed an ogre
  1279 | D:2      | Reached skill level 6 in Dodging
  1279 | D:2      | Reached XP level 5. HP: 25/25 MP: 6/6
  1479 | D:2      | 1479 ||| UPGRADING to +0 cloak of preservation.
  1484 | D:2      | 1484 ||| UPGRADING to amulet of regeneration.
  1489 | D:2      | 1489 ||| READING scroll of identify.
  1489 | D:2      | 1489 ||| IDENTIFYING golden potion
  1490 | D:2      | 1490 ||| READING scroll labelled ROTEOF OFOTY.
  1490 | D:2      | 1490 ||| BRANDING +0 shortbow.
  1491 | D:2      | 1491 ||| DROPPING potion of degeneration.
  1498 | D:3      | 1498 ||| PLANNING SEWER
  1763 | D:3      | Found a shimmering altar of Xom.
  1763 | D:3      | Found a glowing silver altar of Zin.
  1763 | D:3      | Noticed an angel
  2260 | D:3      | Found a glowing drain.
  2261 | D:3      | 2261 ||| READING scroll labelled KEMA ATEID.
  2263 | D:3      | 2263 ||| FLEEEEING.
  2265 | D:3      | 2265 ||| READING scroll labelled REEPNEU YTAEKA.
  2266 | D:3      | 2266 ||| DRINKING 2 pink potions.
  2374 | Sewer    | Entered a sewer
  2426 | Sewer    | Reached XP level 6. HP: 23/30 MP: 7/7
  2480 | Sewer    | Reached skill level 6 in Ranged Weapons
  2524 | Sewer    | 2524 ||| READING scroll of brand weapon.
  2524 | Sewer    | 2524 ||| BRANDING +0 shortbow of flaming.
  2651 | Sewer    | 2651 ||| READING scroll labelled ULUOME HELUKHODY.
  2651 | Sewer    | Identified a scroll of acquirement
  2651 | Sewer    | 2651 ||| ACQUIRING scarf "Qulutrotai" {repulsion, Int+4}
  2651 | Sewer    | Acquired the scarf "Qulutrotai" {repulsion, Int+4}
  2653 | Sewer    | 2653 ||| UPGRADING to scarf "Qulutrotai" {repulsion,
                  | Int+4}.
  2663 | Sewer    | 2663 ||| READING scroll labelled WOTTAALOCIS.
  2664 | Sewer    | 2664 ||| READING scroll labelled SUODDI DEEM.
  2664 | Sewer    | 2664 ||| ENCHANTING +0 shortbow of freezing.
  2665 | Sewer    | 2665 ||| READING scroll labelled WAJU TESIODO.
  2666 | Sewer    | 2666 ||| DRINKING 2 dark potions.
  2667 | Sewer    | 2667 ||| DROPPING potion of magic.
  2705 | D:3      | 2705 ||| PLANNING D:1-11
  2881 | D:4      | 2881 ||| DROPPING +3 sling of flaming.
  3031 | D:4      | 3031 ||| READING scroll of acquirement.
  3031 | D:4      | 3031 ||| ACQUIRING +1 arbalest of freezing
  3031 | D:4      | Acquired a +1 arbalest of freezing
  3033 | D:4      | 3033 ||| SWAPPING to +1 arbalest of freezing.
  3034 | D:4      | 3034 ||| DROPPING +0 shortbow of freezing.
  3134 | D:4      | Noticed Ijyb
  3137 | D:4      | Killed Ijyb
  3138 | D:4      | Reached XP level 7. HP: 35/35 MP: 8/8
  3159 | D:4      | Found Uzacykli's Assorted Antiques.
  3164 | D:4      | 3164 ||| BUYING scroll labelled RETZOR UNUN CAWN (27 gold).
  3164 | D:4      | Bought a scroll labelled RETZOR UNUN CAWN for 27 gold
                  | pieces
  3164 | D:4      | 3164 ||| BUYING sedimented amethyst potion (24 gold).
  3164 | D:4      | Bought a sedimented amethyst potion for 24 gold pieces
  3374 | D:4      | Noticed Sigmund
  3378 | D:4      | Killed Sigmund
  3428 | D:4      | Noticed Edmund
  3433 | D:4      | Killed Edmund
  3498 | D:4      | 3498 ||| UPGRADING to +0 robe of willpower.
  3508 | D:4      | 3508 ||| DROPPING +0 robe.
  3509 | D:4      | 3509 ||| DROPPING amulet of guardian spirit.
  3510 | D:4      | 3510 ||| UPGRADING to ring of resist corrosion.
  3511 | D:4      | 3511 ||| READING scroll labelled RETZOR UNUN CAWN.
  3512 | D:4      | 3512 ||| READING scroll labelled RIWAOT NOCAESMU.
  3534 | D:5      | Entered Level 5 of the Dungeon
  3702 | D:5      | Noticed Eustachio
  3703 | D:5      | 3703 ||| RETREEEEATING.
  3705 | D:5      | 3705 ||| RETREEEEATING.
  3713 | D:5      | Killed Eustachio
  3714 | D:5      | Reached skill level 3 in Fighting
  3714 | D:5      | Reached XP level 8. HP: 40/40 MP: 9/9
  4454 | D:6      | Found Roruutiap's General Store.
  4462 | D:6      | 4462 ||| BUYING potion of mutation (120 gold).
  4462 | D:6      | Bought a potion of mutation for 120 gold pieces
  4462 | D:6      | 4462 ||| SHOPLISTING ring of positive energy (300 gold,
                  | have 39).
  4462 | D:6      | 4462 ||| SHOPLISTING scroll of enchant armour (112 gold,
                  | have 39).
  4523 | D:6      | Reached skill level 9 in Ranged Weapons
  4590 | D:6      | Found a staircase to the Ecumenical Temple.
  4591 | D:6      | 4591 ||| PLANNING TEMPLE
  4597 | Temple   | Entered the Ecumenical Temple
  4598 | Temple   | 4598 ||| PLANNING D:1-11
  4911 | D:6      | Reached skill level 9 in Dodging
  4921 | D:6      | Noticed Maggie
  4923 | D:6      | 4923 ||| ZAPPING wand of mindburst (19) at 0,4 (Maggie;
                  | floor).
  4924 | D:6      | 4924 ||| ZAPPING wand of mindburst (18) at 0,3 (Maggie;
                  | floor).
  4925 | D:6      | 4925 ||| ZAPPING wand of mindburst (17) at 0,2 (Maggie;
                  | floor).
  4926 | D:6      | 4926 ||| ZAPPING wand of mindburst (16) at 0,1 (Maggie;
                  | open_door).
  4927 | D:6      | 4927 ||| ZAPPING wand of mindburst (15) at 0,1 (Maggie;
                  | open_door).
  4927 | D:6      | Killed Maggie
  4949 | D:6      | Reached XP level 9. HP: 35/44 MP: 10/10
  5223 | D:6      | 5223 ||| UPGRADING to +0 steam dragon scales.
  5233 | D:6      | 5233 ||| DROPPING +0 robe of willpower.
  5234 | D:6      | 5234 ||| READING 2 scrolls of enchant armour.
  5234 | D:6      | 5234 ||| ENCHANTING +0 steam dragon scales.
  5235 | D:6      | 5235 ||| READING scroll of enchant armour.
  5235 | D:6      | 5235 ||| ENCHANTING +1 steam dragon scales.
  5236 | D:6      | 5236 ||| READING scroll of identify.
  5236 | D:6      | 5236 ||| IDENTIFYING viscous emerald potion
  5237 | D:6      | 5237 ||| DRINKING 2 sedimented amethyst potions.
  5238 | D:6      | 5238 ||| DROPPING potion of attraction.
  5351 | D:7      | Found a bloodstained altar of Trog.
  5412 | D:7      | Found an ancient bone altar of Kikubaaqudgha.
  5519 | D:7      | 5519 ||| RETREEEEATING.
  5527 | D:7      | HP: 10/44 [ice beast (5)]
  5528 | D:7      | 5528 ||| READING 2 scrolls of teleportation.
  5535 | D:7      | 5535 ||| FLEEEEING.
  5537 | D:7      | 5537 ||| FLEEEEING.
  5557 | D:7      | 5557 ||| FLEEEEING.
  5598 | D:7      | 5598 ||| RETREEEEATING.
  5600 | D:7      | 5600 ||| RETREEEEATING.
  5603 | D:7      | 5603 ||| DRINKING potion of haste.
  5606 | D:7      | Reached skill level 1 in Armour
  5618 | D:7      | Demolished by a very large slime creature

Levels and vault maps discovered:
D:1:      psy_arrival_conway, layout_basic, chequers_serial_rivers_micro_c,
          minmay_3d_cube
D:2:      layout_basic, serial_bayou_pond_b
D:3:      layout_loops_ring, grunt_temple_overflow_order_and_chaos_1,
          gup_sewer_entry_bubbles, minmay_pentangle
D:4:      layout_loops_ring, serial_shops, shop_fountains, nrook_uturn,
          uniq_ijyb, uniq_sigmund, uniq_edmund
D:5:      layout_basic, uniq_eustachio
D:6:      layout_gridville, minmay_temple_entry_wispy, serial_shops,
          nicolae_shop_pleasant_corner_grove, kennysheep_generic_room_11,
          uniq_maggie
D:7:      layout_rooms, mainiacjoe_overflow_catch_the_wave,
          nrook_mini_backslash, uniq_maurice
Temple:   nicolae_temple_god_jail

Skill      XL: |  1  2  3  4  5  6  7  8  9 |
---------------+----------------------------+-----
Dodging        | 3 4 6 8 9 10 | 10.2
Ranged Weapons | 5 7 8 10 | 10.0
Fighting       | 2 3 |  3.2
Armour         | 1 |  1.7
Stealth        | |  1.5

Action                     |  1- 3 |  4- 6 |  7- 9 || total
---------------------------+-------+-------+-------++-------
   Fire: Shortbow          |    94 |   129 |       ||   223
         Arbalest          |       |     9 |   160 ||   169
  Evoke: Wand              |       |       |     5 ||     5
    Use: Scroll            |     3 |    10 |     6 ||    19
         Potion            |       |     2 |     2 ||     4
 Armour: Robe              |    10 |     9 |    21 ||    40
         Steam dragon scal |       |       |    10 ||    10
  Dodge: Dodged            |    42 |    45 |    92 ||   179

Table legend:
 A = Non-vault XP
 B = Vault XP
 C = Vault XP percentage of total XP
 D = Non-vault monster count
 E = Vault monster count
 F = Vault count percentage of total count
                 A         B        C        D         E       F
            +---------+---------+-------+---------+---------+-------
      Total |    2212 |    1421 |  39.1 |     120 |      39 |  24.5
            +---------+---------+-------+---------+---------+-------
        D:1 |      34 |       0 |   0.0 |      20 |       0 |   0.0
        D:2 |     192 |      18 |   8.6 |      23 |       4 |  14.8
        D:3 |      21 |      94 |  81.7 |      14 |      15 |  51.7
        D:4 |     111 |     418 |  79.0 |      13 |       3 |  18.8
        D:5 |     540 |     196 |  26.6 |      18 |       1 |   5.3
        D:6 |     568 |     404 |  41.6 |      21 |       1 |   4.5
        D:7 |     746 |       0 |   0.0 |      11 |       0 |   0.0
      Sewer |       0 |     291 | 100.0 |       0 |      15 | 100.0
            +---------+---------+-------+---------+---------+-------
